 Dungeon Sprint DCSS version 0.24-a0-203-gf0bc1e9 (webtiles) character file.

Game seed: 12386149906820141647

8945 TheOrbIsALie the Earth Mage (level 11, -12/67 HPs)
             Began as a Gargoyle Earth Elementalist on Mar 27, 2019.
             Was a High Priest of Sif Muna.
             Mangled by a slime creature (13 damage)
             ... while paralysed by a great orb of eyes
             ... in the Dungeon (Sprint V: "Ziggurat Sprint").
             The game lasted 00:13:27 (995 turns).

TheOrbIsALie the Earth Mage (GrEE)                   Turns: 995, Time: 00:13:27

Health: -12/67     AC: 13    Str: 13    XL:     11   Next: 38%
Magic:  19/24      EV:  2    Int: 30    God:    Sif Muna [*****.]
Gold:   0          SH:  0    Dex: 12    Spells: 17/29 levels left

rFire    + . .     SeeInvis .   H - +8 lance "Wyrmbane" {slay drac, rPois rF+ rC+ AC+3}
rCold    + . .     Gourm    .   G - +18 shield of the Gong {rElec rN+ MR+ EV-5}
rNeg     + + .     Faith    .   c - +0 robe
rPois    ∞         Spirit   .   (no helmet)
rElec    +         Reflect  .   (no cloak)
rCorr    .         Harm     .   (no gloves)
MR       +....     NoTele   +   (no boots)
Stlth    +++.......             (no amulet)
HPRegen  0.00/turn              A - +6 ring of intelligence
MPRegen  0.19/turn              B - +6 ring of intelligence

@: paralysed
A: agile 1, negative energy resistance 1, electricity resistance, inhibited
regeneration, unbreathing, petrification resistance, rot immunity, sturdy frame
1, AC +8
a: Divine Energy, Channel Magic, Forget Spell, Renounce Religion


You were in the Dungeon.
You worshipped Sif Muna.
Sif Muna was extremely pleased with you.
You were not hungry.

You visited 1 branch

Inventory:

Hand Weapons
 H - the +8 lance "Wyrmbane" (weapon) {slay drac, rPois rF+ rC+ AC+3}
   (You found it in the Dungeon)

   It affects your AC (+3).
   It protects you from fire.
   It protects you from cold.
   It protects you from poison.
Missiles
 b - 13 stones (quivered)
Armour
 c - a +0 robe (worn)
 G - the +18 shield of the Gong (worn) {rElec rN+ MR+ EV-5}
   (You found it in the Dungeon)

   It affects your evasion (-5).
   It insulates you from electricity.
   It protects you from negative energy.
   It affects your resistance to hostile enchantments.
 I - +5 fire dragon scales
 J - +5 ice dragon scales
Magical Staves
 E - an uncursed staff of energy
Jewellery
 y - a +6 ring of dexterity
 z - a +6 ring of dexterity
 A - a +6 ring of intelligence (left hand)
 B - a +6 ring of intelligence (right hand)
 C - a +6 ring of strength
 D - a +6 ring of strength
Wands
 v - a wand of disintegration (3)
 x - a wand of acid (2)
Scrolls
 j - 3 scrolls of blinking
 p - 4 scrolls of amnesia
 q - 8 scrolls of fog
 r - a scroll of holy word
 s - 5 scrolls of identify
 t - 5 scrolls of remove curse
 u - 2 scrolls of fear
 L - 4 scrolls of enchant armour
Potions
 a - 2 potions of brilliance
 e - 10 potions of curing
 f - 10 potions of heal wounds
 g - 6 potions of haste
 h - 7 potions of magic
 i - 3 potions of berserk rage
 k - 2 potions of invisibility
 l - 4 potions of resistance
 n - 5 potions of agility
 o - 5 potions of might
Miscellaneous
 m - a lamp of fire
 w - a sack of spiders
 F - a crystal ball of energy
 K - a phial of floods
Comestibles
 d - 6 rations


   Skills:
 - Level 7.5 Fighting
 - Level 2.7 Polearms
 - Level 6.2 Dodging
 - Level 6.9 Stealth
 - Level 3.8 Shields
 - Level 9.7 Spellcasting
 - Level 11.7 Conjurations
   Level 0.7 Transmutations
 - Level 15.5 Earth Magic
 + Level 13.6 Invocations
 - Level 4.1 Evocations


You had 17 spell levels left.
You knew the following spells:

 Your Spells              Type           Power        Failure   Level  Hunger
a - Sandblast             Erth           ######       1%          1    None
b - Lee's Rapid Deconstr  Erth           #######...   1%          5    ###....
c - Iron Shot             Conj/Erth      #######...   9%          6    #####..

Your spell library contained the following spells:

 Spells                   Type           Power        Failure   Level  Hunger
 Flame Tongue             Conj/Fire      #####        1%          1    None
 Magic Dart               Conj           ####         1%          1    None
 Shock                    Conj/Air       ####         1%          1    None
 Sting                    Conj/Pois      ####         1%          1    None
 Passwall                 Tmut/Erth      ######..     1%          2    None
 Searing Ray              Conj           ######       1%          2    None
 Stone Arrow              Conj/Erth      ######       1%          3    None
 Static Discharge         Conj/Air       #####...     4%          3    None
 Petrify                  Tmut/Erth      ######..     5%          4    None
 Bolt of Magma            Conj/Fire/Erth ######....   10%         5    ###....
 Beastly Appendage        Tmut           ###...       12%         1    None
 Apportation              Tloc           ##....       16%         1    None
 Summon Butterflies       Summ           ##......     16%         1    None
 Summon Small Mammal      Summ           ##..         16%         1    None
 Call Imp                 Summ           ##......     22%         2    None
 Ensorcelled Hibernation  Hex/Ice        ##....       22%         2    None
 Poisonous Vapours        Pois/Air       ##....       22%         2    None
 Swiftness                Chrm/Air       ##......     22%         2    None
 Irradiate                Conj/Tmut      ######....   32%         5    ###....
 Bolt of Draining         Conj/Necr      #####.....   36%         5    ###....
 Lightning Bolt           Conj/Air       #####.....   36%         5    ###....
 Venom Bolt               Conj/Pois      #####.....   36%         5    ###....
 Ignite Poison            Fire/Tmut/Pois ###.....     38%         3    None
 Call Canine Familiar     Summ           ##......     41%         3    None
 Lesser Beckoning         Tloc           ##........   41%         3    None
 Summon Guardian Golem    Hex/Summ       ##......     41%         3    None
 Tukima's Dance           Hex            ##......     41%         3    None
 Airstrike                Air            ##........   83%         4    None
 Cause Fear               Hex            ##........   83%         4    None
 Olgreb's Toxic Radiance  Pois           ##......     83%         4    None
 Summon Ice Beast         Ice/Summ       ##......     83%         4    None
 Summon Lightning Spire   Summ/Air       ##......     83%         4    None
 Conjure Ball Lightning   Conj/Air       #####.....   91%         6    #####..
 Poison Arrow             Conj/Pois      #####.....   91%         6    #####..
 Blade Hands              Tmut           ###.......   97%         5    ###....
 Alistair's Intoxication  Tmut/Pois      ###.....     98%         5    ###....
 Yara's Violent Unravell  Hex/Tmut       ###.......   98%         5    ###....
 Lehudib's Crystal Spear  Conj/Erth      #######...   98%         8    #######
 Metabolic Englaciation   Hex/Ice        ##........   99%         5    ###....
 Silence                  Hex/Air        ##........   99%         5    ###....
 Freezing Cloud           Conj/Ice/Air   #####.....   99%         6    #####..
 Deflect Missiles         Chrm/Air       ##........   100%        6    #####..
 Invisibility             Hex            ##......     100%        6    #####..
 Malign Gateway           Summ/Tloc      ##........   100%        7    ######.
 Monstrous Menagerie      Summ           ##........   100%        7    ######.
 Summon Greater Demon     Summ           ##........   100%        7    ######.
 Discord                  Hex            ##........   100%        8    #######
 Ignition                 Fire           ##........   100%        8    #######
 Summon Horrible Things   Summ           ##........   100%        8    #######
 Shatter                  Erth           #######...   100%        9    #######
 Sublimation of Blood     Necr           Unusable     N/A         2    N/A

Dungeon Overview and Level Annotations

Branches:
Dungeon (1/1)

Altars:
Ashenzari
Cheibriados
Dithmenos
Elyvilon
Fedhas
Gozag
Hepliaklqana
Kikubaaqudgha
Makhleb
Nemelex Xobeh
Okawaru
Qazlal
Ru
Sif Muna
Trog
Uskayaw
Vehumet
Wu Jian
Xom
Yredelemnul
Zin
The Shining One
Beogh
Jiyva
Lugonu


Innate Abilities, Weirdness & Mutations

You are resistant to torment.
Your stone body is resilient. (AC +8)
You are immune to poison.
You resist negative energy. (rN+)
You are resistant to electric shocks. (rElec)
You can survive without breathing.
You are immune to petrification.
You are immune to rotting.
You are agile. (Dex +2)
You do not regenerate when monsters are visible.
Your movements are slightly less encumbered by armour. (ER -2)


Message History

Unknown command.
Casting: Iron Shot (safe; 9% risk of failure)
Confirm with . or Enter, or press ? or * to list all spells.
Aiming: Iron Shot (safe; 9% risk of failure)
Press: ? - help, Shift-Dir - straight line, f - great orb of eyes
Aim: a great orb of eyes (heavily wounded)
The iron shot hits the great orb of eyes!!!
You kill the great orb of eyes!
Sif Muna accepts your kill.
Your Invocations skill increases to level 13!
The great orb of eyes gazes at you.
You suddenly lose the ability to move!
The slime creature hits you!
* * * LOW HITPOINT WARNING * * *
The great orb of eyes bites you!
* * * LOW HITPOINT WARNING * * *
The slime creature hits you but does no damage.
The great orb of eyes bites you!
* * * LOW HITPOINT WARNING * * *
The slime creature hits you!
You die...

▓...|||...▓
▓..))[)=..▓...[)....▓
▓.........▓.........▓
▓.........▓.........▓
▓.........▓.........▓
▓.........▓.........▓
▓.........▓..=......▓
▓.▓....J▓.▓....©....▓
▓....©.@G.▓▓▓▓▓▓▓▓▓▓▓
▓▓▓▓▓▓▓▓▓▓▓


You could see a great orb of eyes and a slime creature.

Vanquished Creatures
  2 death oozes (D)
  A great orb of eyes (D)
  2 shining eyes (D)
  3 merfolk (D)
  4 jumping spiders (D)
  2 hornets (D)
  2 slime creatures (D)
  3 spriggans (D)
  A tarantella (D)
  A hell hound (D)
  A floating eye (D)
  An eye of draining (D)
  A phantom (D)
  4 black bears (D)
  A necrophage (D)
  A wolf (D)
  8 scorpions (D)
  2 crimson imps (D)
  3 jellies (D)
  2 orc priests (D)
  2 orc wizards (D)
  A white imp (D)
  3 adder zombies (D)
  An adder skeleton (D)
  An orc (D)
  3 bat skeletons (D)
  A bat zombie (D)
  A ball python skeleton (D)
  2 ball python zombies (D)
60 creatures vanquished.

Vanquished Creatures (others)
  3 spatial maelstroms (D)
3 creatures vanquished.

Grand Total: 63 creatures vanquished

Notes
Turn   | Place    | Note
-------+----------+-------------------------------------------
     0 | D        | Found the +6 Majin-Bo {vamp, Archmagi MP+6 Int+6}
     0 | D        | Found the +7 great mace "Firestarter" {inner flame, rF++}
     0 | D        | TheOrbIsALie the Gargoyle Earth Elementalist began the
                  | quest for the Orb.
     0 | D        | Reached XP level 1. HP: 10/10 MP: 3/3
     0 | D        | Found a deep blue altar of Sif Muna.
     0 | D        | Found a bloodstained altar of Trog.
     0 | D        | Found a sacrificial altar of Ru.
     0 | D        | Found a stormy altar of Qazlal.
     0 | D        | Found an iron altar of Okawaru.
     1 | D        | Found a sparkling altar of Nemelex Xobeh.
     1 | D        | Found a blossoming altar of Fedhas.
     3 | D        | Found a transporter.
     3 | D        | Found an ancient bone altar of Kikubaaqudgha.
     3 | D        | Found a viscous altar of Jiyva.
     3 | D        | Found a corrupted altar of Lugonu.
     3 | D        | Found a hazy altar of Hepliaklqana.
     3 | D        | Found a burning altar of Makhleb.
     3 | D        | Found an opulent altar of Gozag.
     4 | D        | Banished a spatial maelstrom
     5 | D        | Banished a spatial maelstrom
    23 | D        | Found the +9 heavy crossbow "Sniper" {velocity, Acc+∞ SInv}
    23 | D        | Found the +10 dark maul {crush}
    23 | D        | Found the +15 Maxwell's patent armour {-Cast -Tele rElec
                  | MR+ rCorr}
    23 | D        | Found the +18 shield of the Gong {rElec rN+ MR+ EV-5}
    23 | D        | Found the cursed +14 obsidian axe {chop, +Fly SInv *Curse}
    33 | D        | Banished a spatial maelstrom
    42 | D        | Found the +6 shillelagh "Devastator" {shatter}
    42 | D        | Found the +11 plutonium sword {*Contam Stlth-}
    42 | D        | Found the +8 lance "Wyrmbane" {slay drac, rPois rF+ rC+
                  | AC+3}
    42 | D        | Found the +9 sword of Zonguldrok {reap}
    42 | D        | Found the cursed +13 scythe of Curses {drain, *Curse}
    42 | D        | Found the +0 sword of Power
    42 | D        | Found the +7 mace of Variability {chain chaos}
    42 | D        | Found the +7 Singing Sword {slice, sonic wave}
    42 | D        | Found the +7 longbow "Piercer" {penet, EV-2}
    67 | D        | Became a worshipper of Sif Muna the Loreminder
    77 | D        | Entered arena 2.
    77 | D        | Noticed a jumping spider
    77 | D        | Noticed a scorpion
    77 | D        | Found a transporter.
    81 | D        | Killed a scorpion
    81 | D        | Reached * piety under Sif Muna
    81 | D        | Reached skill level 7 in Earth Magic
    81 | D        | Reached XP level 2. HP: 15/15 MP: 4/6
    81 | D        | Reached XP level 3. HP: 19/19 MP: 4/7
    85 | D        | Killed a jumping spider
    85 | D        | Reached ** piety under Sif Muna
    85 | D        | Reached skill level 5 in Stealth
    85 | D        | Reached skill level 5 in Spellcasting
    85 | D        | Reached skill level 11 in Earth Magic
    85 | D        | Reached skill level 1 in Evocations
    85 | D        | Reached XP level 4. HP: 24/24 MP: 3/11
    85 | D        | Reached XP level 5. HP: 28/28 MP: 3/12
    85 | D        | Reached XP level 6. HP: 32/32 MP: 3/13
   160 | D        | Entered arena 3.
   160 | D        | Noticed a merfolk
   160 | D        | Noticed a merfolk
   160 | D        | Noticed a merfolk
   160 | D        | Found a transporter.
   164 | D        | Killed a merfolk
   164 | D        | Reached *** piety under Sif Muna
   164 | D        | Reached skill level 13 in Earth Magic
   164 | D        | Reached XP level 7. HP: 36/36 MP: 13/15
   165 | D        | Killed a merfolk
   165 | D        | Reached **** piety under Sif Muna
   165 | D        | Reached skill level 5 in Dodging
   167 | D        | Killed a merfolk
   167 | D        | Reached skill level 1 in Shields
   167 | D        | Reached skill level 14 in Earth Magic
   167 | D        | Reached XP level 8. HP: 41/41 MP: 13/18
   183 | D        | Learned a level 5 spell: Lee's Rapid Deconstruction
   198 | D        | Entered arena 4.
   198 | D        | Found a transporter.
   200 | D        | Reached ***** piety under Sif Muna
   201 | D        | Received a gift from Sif Muna
   209 | D        | Reached skill level 1 in Polearms
   209 | D        | Reached skill level 15 in Earth Magic
   317 | D        | Entered arena 5.
   317 | D        | Found a transporter.
   374 | D        | Entered arena 6.
   374 | D        | Found a transporter.
   396 | D        | Entered arena 7.
   396 | D        | Noticed Cekh the pandemonium lord
   396 | D        | Noticed a hellwing
   396 | D        | Noticed Zeenaeru the pandemonium lord
   399 | D        | Reached XP level 9. HP: 57/57 MP: 20/20
   400 | D        | Found a transporter.
   402 | D        | Entered arena 8.
   403 | D        | Found the +5 demon whip "Spellbinder" {antimagic, MR+}
   427 | D        | Identified Sif Muna's Catalogue of Flames and the Rocks
                  | (Sif Muna gifted it to you in the Dungeon)
   427 | D        | Received a gift from Sif Muna
   444 | D        | Learned a level 6 spell: Iron Shot
   444 | D        | Found a transporter.
   463 | D        | Entered arena 9.
   463 | D        | Noticed a jumping spider
   463 | D        | Noticed a jumping spider
   463 | D        | Noticed a jumping spider
   472 | D        | Reached XP level 10. HP: 63/63 MP: 22/22
   487 | D        | Reached skill level 5 in Conjurations
   499 | D        | Found a transporter.
   503 | D        | Identified Lezxeg's Volume of Earth and Combat Magic (Sif
                  | Muna gifted it to you in the Dungeon)
   503 | D        | Received a gift from Sif Muna
   715 | D        | Entered arena 10.
   715 | D        | Noticed a spriggan rider
   715 | D        | Noticed a spriggan rider
   722 | D        | Reached skill level 10 in Conjurations
   731 | D        | Identified Sif Muna's Grimoire of Nocuous Transformation
                  | (Sif Muna gifted it to you in the Dungeon)
   731 | D        | Received a gift from Sif Muna
   738 | D        | Found a transporter.
   754 | D        | Got the cursed ring of Poxzel {+Fly Int-3}
   861 | D        | Entered arena 11.
   910 | D        | Found a transporter.
   921 | D        | Got the Tome of Congealing Battle Magic
   923 | D        | Got Logamug's Collected Works on Feathers and Moulding
   969 | D        | Entered arena 12.
   969 | D        | Noticed a great orb of eyes
   969 | D        | Noticed a shining eye
   969 | D        | Noticed a great orb of eyes
   970 | D        | Noticed a death ooze
   971 | D        | Noticed a shining eye
   972 | D        | Noticed a death ooze
   973 | D        | Gained mutation: Your movements are slightly less
                  | encumbered by armour. (ER -2) [a shining eye]
   978 | D        | Killed a death ooze
   978 | D        | Killed a death ooze
   978 | D        | Reached skill level 10 in Invocations
   978 | D        | Reached XP level 11. HP: 63/67 MP: 0/24
   980 | D        | Gained mutation: You are agile. (Dex +2) [a shining eye]
   982 | D        | Gained mutation: You do not regenerate when monsters are
                  | visible. [a shining eye]
   986 | D        | Killed a shining eye
   986 | D        | Received a gift from Sif Muna
   987 | D        | Killed a shining eye
   993 | D        | Killed a great orb of eyes
   993 | D        | Paralysed by a great orb of eyes for 7 turns
   995 | D        | HP: 1/67 [great orb of eyes (7)]
   995 | D        | Mangled by a slime creature

Levels and vault maps discovered:
D:        sprint_v [room_start, room_1, room_2, room_3, room_4, room_5, room_6,
          room_7, room_8, room_9, room_10, room_11, room_12, room_13, room_14,
          room_15, room_16, room_17, room_18, room_19, room_20, room_21,
          room_22, room_23, room_24, room_25, room_26, room_27]

Skill      XL: |  1  2  3  4  5  6  7  8  9 10 11 |
---------------+----------------------------------+-----
Dodging        | 2 4 5 6 |  6.2
Stealth        | 3 5 6 |  6.9
Spellcasting   | 3 5 6 7 8 9 |  9.7
Earth Magic    | 7 11 13 14 15 | 15.5
Evocations     | 1 2 3 4 |  4.1
Shields        | 1 2 3 |  3.8
Polearms       | 1 2 |  2.7
Fighting       | 7 |  7.5
Conjurations   | 4 11 | 11.7
Invocations    | 10 13 | 13.6
Transmutations | |  0.7

Action                   |  1- 3 |  4- 6 |  7- 9 | 10-12 || total
-------------------------+-------+-------+-------+-------++-------
Melee: Lance             |     2 |       |    58 |    81 ||   141
 Cast: Sandblast         |       |     1 |     3 |    13 ||    17
       Lee's Rapid Decon |       |       |     2 |       ||     2
       Iron Shot         |       |       |       |    10 ||    10
Invok: Channel Magic     |       |       |       |     1 ||     1
Evoke: Wand              |     4 |     3 |     6 |     3 ||    16
       Lamp of fire      |       |       |       |     3 ||     3
       Staff of energy   |       |       |       |     1 ||     1
  Use: Potion            |       |       |     1 |       ||     1
       Scroll            |       |       |     1 |       ||     1
  Eat: Ration            |       |       |       |     1 ||     1
Armor: Robe              |       |       |     3 |    51 ||    54
       Fire dragon scale |       |       |    55 |    32 ||    87
Dodge: Dodged            |     1 |       |     7 |    39 ||    47
Block: Shield            |     4 |       |   110 |   232 ||   346

Table legend:
 A = Non-vault XP
 B = Vault XP
 C = Vault XP percentage of total XP
 D = Non-vault monster count
 E = Vault monster count
 F = Vault count percentage of total count
                 A         B        C        D         E       F
            +---------+---------+-------+---------+---------+-------
      Total |     406 |   10340 |  96.2 |       2 |      58 |  96.7
            +---------+---------+-------+---------+---------+-------
          D |     406 |   10340 |  96.2 |       2 |      58 |  96.7
            +---------+---------+-------+---------+---------+-------
